 Dungeon Crawl Stone Soup version 0.22.0-75-g3901e79 (webtiles) character file.

537917 JeffiDaFish the Petrodigitator (level 26, 0/163 HPs)
             Began as a Gargoyle Earth Elementalist on Sept 12, 2018.
             Was the Champion of Sif Muna.
             Splashed by a tengu reaver's acid (10 damage)
             ... on level 4 of the Vaults on Sept 14, 2018.
             The game lasted 05:07:48 (92030 turns).

JeffiDaFish the Petrodigitator (GrEE)              Turns: 92030, Time: 05:07:49

Health: 0/163      AC: 48    Str: 18      XL:     26   Next: 44%
Magic:  2/48       EV: 11    Int: 43 (45) God:    Sif Muna [******]
Gold:   5091       SH:  5    Dex:  9 (10) Spells: 26/68 levels left

rFire    . . .     SeeInvis .   t - +6 flail (protect)
rCold    + . .     Gourm    .   T - +1 buckler
rNeg     + + +     Faith    +   z - +2 ring mail "Xaefeuth" {+Inv rF- rN++ Int+8}
rPois    ∞         Spirit   .   N - +2 helmet {Int+3}
rElec    +         Reflect  .   n - +2 cloak
rCorr    .         Harm     .   (no gloves)
MR       ++...     Rnd*Rage +   K - +2 pair of boots {Stlth+}
Stlth    ++........             Q - amulet "Idoafev" {Faith Str+2 Int+5}
HPRegen  0.37/turn              I - ring "Tiopsumn" {MR+ Int+5}
MPRegen  0.31/turn              u - ring "Yhuef" {rF+ rC+}

@: marked, protection aura, studying Summonings, no casting
A: big wings, claws 1, berserk 1, deterioration 2, negative energy resistance 1,
electricity resistance, wild magic 1, unbreathing, petrification resistance, rot
immunity, MP-powered wands, AC +20
}: 2/15 runes: decaying, gossamer
a: Fly, Stop Divine Energy, Channel Magic, Forget Spell, Renounce Religion,
Evoke Invisibility


You were on level 4 of the Vaults.
You worshipped Sif Muna.
Sif Muna was exalted by your worship.
You were very hungry.

You visited 10 branches of the dungeon, and saw 47 of its levels.
You visited the Abyss 1 time.
You also visited: Labyrinth and Ossuary.

You collected 6700 gold pieces.
You spent 1609 gold pieces at shops.

Inventory:

Hand Weapons
 t - a +6 flail of protection (weapon)
Missiles
 A - 650 stones (quivered)
Armour
 n - a +2 cloak (worn)
 z - the +2 ring mail "Xaefeuth" (worn) {+Inv rF- rN++ Int+8}
   (You found it on level 8 of the Dungeon)

   It affects your intelligence (+8).
   It makes you vulnerable to fire.
   It greatly protects you from negative energy.
   It lets you turn invisible.
 K - a +2 pair of boots of stealth (worn)
 N - a +2 helmet of intelligence (worn)
 T - a +1 buckler (worn)
Jewellery
 a - an uncursed ring of magical power
 j - an uncursed ring of wizardry
 p - an uncursed ring of protection from magic
 u - the ring "Yhuef" (right claw) {rF+ rC+}
   (You took it off a deep elf knight on level 3 of the Elven Halls)

   [ring of protection from fire]

   It protects you from fire.
   It protects you from cold.
 w - the ring of Byfisch {rElec Str+5 Int+9 Dex-4}
   (You found it on level 5 of the Depths)

   [ring of strength]

   It affects your strength (+5).
   It affects your intelligence (+9).
   It affects your dexterity (-4).
   It insulates you from electricity.
 I - the ring "Tiopsumn" (left claw) {MR+ Int+5}
   (You bought it in a shop on level 2 of the Elven Halls)

   [ring of protection from magic]

   It affects your intelligence (+5).
   It affects your resistance to hostile enchantments.
 P - a +6 ring of dexterity
 Q - the amulet "Idoafev" (around neck) {Faith Str+2 Int+5}
   (You found it on level 1 of the Swamp)

   [amulet of faith]

   It allows you to gain divine favour quickly.
   It affects your strength (+2).
   It affects your intelligence (+5).
Wands
 k - a wand of acid (10)
 l - a wand of scattershot (6)
 s - a wand of digging (43)
 F - a wand of clouds (6)
Scrolls
 b - 4 scrolls of enchant armour
 g - 10 scrolls of identify
 h - 4 scrolls of brand weapon
 m - 30 scrolls of remove curse
 o - 8 scrolls of amnesia
 q - 7 scrolls of blinking
 v - 23 scrolls of teleportation
 y - 5 scrolls of fog
 C - 3 scrolls of silence
 D - 8 scrolls of fear
 L - 11 scrolls of magic mapping
Potions
 e - a potion of agility
 i - 15 potions of curing
 r - 5 potions of might
 x - 7 potions of brilliance
 E - a potion of heal wounds
 G - 2 potions of haste
 H - 3 potions of berserk rage
 M - 4 potions of magic
 O - 3 potions of mutation
 R - 6 potions of cancellation
 S - 3 potions of ambrosia
 V - 6 potions of invisibility
 Y - a potion of resistance
Books
 c - a manual of Summonings
Comestibles
 d - 48 rations


   Skills:
 + Level 16.0 Fighting
 - Level 15.5 Armour
 - Level 1.7 Dodging
 - Level 2.2 Stealth
 - Level 4.0 Shields
 * Level 21.7 Spellcasting
 * Level 23.1 Conjurations
   Level 0.7 Transmutations
 O Level 27 Earth Magic
 - Level 5.3 Invocations


You had 26 spell levels left.
You knew the following spells:

 Your Spells              Type           Power        Failure   Level  Hunger
a - Sandblast             Erth           ######       1%          1    None
b - Stone Arrow           Conj/Erth      ######       1%          3    None
c - Lee's Rapid Deconstr  Erth           #########.   1%          5    None
d - Iron Shot             Conj/Erth      ########..   1%          6    None
e - Borgnjor's Vile Clut  Necr/Erth      ########..   1%          5    None
f - Shatter               Erth           #########.   2%          9    ###....
g - Lehudib's Crystal Sp  Conj/Erth      ########..   1%          8    None
h - Aura of Abjuration    Summ           ######....   24%         5    None

Your spell library contained the following spells:

 Spells                   Type           Power        Failure   Level  Hunger
 Animate Skeleton         Necr           N/A          1%          1    None
 Apportation              Tloc           ######       1%          1    None
 Beastly Appendage        Tmut           ######       1%          1    None
 Confusing Touch          Hex            ######       1%          1    None
 Corona                   Hex            ######.      1%          1    None
 Flame Tongue             Conj/Fire      #####        1%          1    None
 Freeze                   Ice            ####         1%          1    None
 Infusion                 Chrm           ####         1%          1    None
 Magic Dart               Conj           ####         1%          1    None
 Pain                     Necr           ####         1%          1    None
 Shock                    Conj/Air       ####         1%          1    None
 Sting                    Conj/Pois      ####         1%          1    None
 Summon Butterflies       Summ           ######..     1%          1    None
 Summon Small Mammal      Summ           ####         1%          1    None
 Blink                    Tloc           N/A          1%          2    None
 Call Imp                 Summ           ######..     1%          2    None
 Corpse Rot               Necr           N/A          1%          2    None
 Ensorcelled Hibernation  Hex/Ice        ######       1%          2    None
 Passwall                 Tmut/Erth      ########     1%          2    None
 Poisonous Vapours        Pois/Air       ######       1%          2    None
 Searing Ray              Conj           ######       1%          2    None
 Shroud of Golubria       Chrm/Tloc      ######....   1%          2    None
 Slow                     Hex            ######..     1%          2    None
 Song of Slaying          Chrm           ######..     1%          2    None
 Sticks to Snakes         Tmut           ######..     1%          2    None
 Swiftness                Chrm/Air       ######..     1%          2    None
 Throw Flame              Conj/Fire      ######       1%          2    None
 Throw Frost              Conj/Ice       ######       1%          2    None
 Conjure Flame            Conj/Fire      ########     1%          3    None
 Dazzling Spray           Conj/Hex       ######       1%          3    None
 Mephitic Cloud           Conj/Pois/Air  #######.     1%          3    None
 Static Discharge         Conj/Air       ########     1%          3    None
 Force Lance              Conj/Tloc      ########     1%          4    None
 Fulminant Prism          Conj/Hex       ########..   1%          4    None
 Iskenderun's Mystic Bla  Conj           ########     1%          4    None
 Leda's Liquefaction      Hex/Erth       ########..   1%          4    None
 Petrify                  Tmut/Erth      ########     1%          4    None
 Sticky Flame             Conj/Fire      ########     1%          4    None
 Throw Icicle             Conj/Ice       ########     1%          4    None
 Bolt of Draining         Conj/Necr      ########..   1%          5    None
 Bolt of Magma            Conj/Fire/Erth ########..   1%          5    None
 Fireball                 Conj/Fire      ########..   1%          5    None
 Irradiate                Conj/Tmut      ########..   1%          5    None
 Iskenderun's Battlesphe  Conj/Chrm      ########     1%          5    None
 Lightning Bolt           Conj/Air       ########..   1%          5    None
 Venom Bolt               Conj/Pois      ########..   1%          5    None
 Bolt of Cold             Conj/Ice       ########..   1%          6    None
 Bolt of Fire             Conj/Fire      ########..   1%          6    None
 Conjure Ball Lightning   Conj/Air       ########..   1%          6    None
 Poison Arrow             Conj/Pois      ########..   1%          6    None
 Orb of Destruction       Conj           ########..   1%          7    None
 Call Canine Familiar     Summ           ######..     3%          3    None
 Confuse                  Hex            ######..     3%          3    None
 Gell's Gravitas          Tloc           ######....   3%          3    None
 Ignite Poison            Fire/Tmut/Pois ######..     3%          3    None
 Inner Flame              Hex/Fire       ######..     3%          3    None
 Lesser Beckoning         Tloc           ######....   3%          3    None
 Ozocubu's Armour         Chrm/Ice       ######..     3%          3    None
 Portal Projectile        Hex/Tloc       ######       3%          3    None
 Recall                   Summ/Tloc      N/A          3%          3    None
 Regeneration             Chrm/Necr      ######....   3%          3    None
 Spectral Weapon          Hex/Chrm       ######..     3%          3    None
 Spider Form              Tmut/Pois      ######....   3%          3    None
 Summon Guardian Golem    Hex/Summ       ######..     3%          3    None
 Teleport Other           Tloc           ######..     3%          3    None
 Tukima's Dance           Hex            ######..     3%          3    None
 Vampiric Draining        Necr           ######....   3%          3    None
 Freezing Cloud           Conj/Ice/Air   #######...   7%          6    None
 Spellforged Servitor     Conj/Summ      ########..   8%          7    None
 Ice Form                 Ice/Tmut       ######..     9%          4    None
 Airstrike                Air            ######....   10%         4    None
 Animate Dead             Necr           N/A          10%         4    None
 Cause Fear               Hex            ######....   10%         4    None
 Olgreb's Toxic Radiance  Pois           ######..     10%         4    None
 Passage of Golubria      Tloc           N/A          10%         4    None
 Summon Ice Beast         Ice/Summ       ######..     10%         4    None
 Summon Lightning Spire   Summ/Air       ######..     10%         4    None
 Blade Hands              Tmut           ######....   19%         5    None
 Alistair's Intoxication  Tmut/Pois      ######..     22%         5    None
 Yara's Violent Unravell  Hex/Tmut       ######....   22%         5    None
 Agony                    Necr           ######..     24%         5    None
 Dispel Undead            Necr           ######..     24%         5    None
 Excruciating Wounds      Chrm/Necr      ######....   24%         5    None
 Silence                  Hex/Air        ######....   24%         5    None
 Summon Demon             Summ           ######....   24%         5    None
 Summon Forest            Summ/Tloc      ######....   24%         5    None
 Summon Mana Viper        Hex/Summ       ######..     24%         5    None
 Chain Lightning          Conj/Air       ########..   43%         8    None
 Hydra Form               Tmut           ######....   67%         6    None
 Darkness                 Hex            ######....   75%         6    None
 Death Channel            Necr           ######....   75%         6    None
 Deflect Missiles         Chrm/Air       ######....   75%         6    None
 Dispersal                Tloc           ######....   75%         6    None
 Invisibility             Hex            ######..     75%         6    None
 Ozocubu's Refrigeration  Ice            ######....   75%         6    None
 Shadow Creatures         Summ           N/A          75%         6    None
 Simulacrum               Ice/Necr       ######....   75%         6    None
 Dragon Form              Tmut           ######....   99%         7    None
 Haunt                    Necr/Summ      ######....   99%         7    None
 Malign Gateway           Summ/Tloc      ######....   99%         7    None
 Ring of Flames           Chrm/Fire      ######....   99%         7    None
 Summon Greater Demon     Summ           ######....   99%         7    None
 Summon Hydra             Summ           ######....   99%         7    None
 Borgnjor's Revivificati  Necr           ######....   100%        8    None
 Controlled Blink         Tloc           N/A          100%        8    None
 Death's Door             Chrm/Necr      ######....   100%        8    None
 Discord                  Hex            ######....   100%        8    None
 Disjunction              Tloc           ######....   100%        8    None
 Ignition                 Fire           ######....   100%        8    None
 Infestation              Necr           ######....   100%        8    None
 Summon Horrible Things   Summ           ######....   100%        8    None
 Dragon's Call            Summ           ######....   100%        9    ###....
 Fire Storm               Conj/Fire      ########..   100%        9    ###....
 Glaciate                 Conj/Ice       ########..   100%        9    ###....
 Tornado                  Air            ######....   100%        9    ###....
 Sublimation of Blood     Necr           Unusable     N/A         2    N/A
 Statue Form              Tmut/Erth      Unusable     N/A         6    N/A

Dungeon Overview and Level Annotations

Branches:
Dungeon (15/15)            Temple (1/1) D:6            Lair (6/6) D:8
  Swamp (4/4) Lair:2       Spider (4/4) Lair:2        Slime (2/5) Lair:6
    Orc (2/2) D:12            Elf (3/3) Orc:2        Vaults (5/5) D:14
  Crypt (0/3) Vaults:2     Depths (5/5) D:15            Zot (0/5) Depths:5

Altars:
Ashenzari
Cheibriados
Dithmenos
Elyvilon
Fedhas
Gozag
Hepliaklqana
Kikubaaqudgha
Makhleb
Nemelex Xobeh
Okawaru
Qazlal
Ru
Sif Muna
Trog
Uskayaw
Vehumet
Wu Jian
Xom
Yredelemnul
Zin
The Shining One
Beogh
Jiyva

Shops:
D:6 }   D:13 %   D:15 ?   Orc:2 ((*[   Elf:1 }=}   Elf:2 *[=   Vaults:1 *
Vaults:2 [   Depths:1 *(   Depths:4 :!

Portals:
Hell: Depths:1 Depths:2 Depths:3 Depths:4 Depths:5
Abyss: Depths:4
Pandemonium: Depths:3
Ziggurat: Depths:4

Annotations:
D:9 2 transporters
Lair:3 exclusion: oklob plant
Swamp:1 2 transporters, ssg's ghost, journeyman DrTm
Depths:4 3 runed doors, unrecovered's ghost, veteran DEWz


Innate Abilities, Weirdness & Mutations

You are resistant to torment.
Your stone body is resilient. (AC +20)
You are immune to poison.
Your large and strong wings let you fly indefinitely.
You resist negative energy. (rN+)
You are resistant to electric shocks. (rElec)
You can survive without breathing.
You are immune to petrification.
You are immune to rotting.
You have sharp fingernails.
You tend to lose your temper in combat.
Your body often deteriorates upon taking damage.
Your spells are a little harder to cast, but a little more powerful.
You expend magic power (3 MP) to strengthen your wands.


Message History

The tengu reaver claws you but does no damage.
You barely miss the tengu reaver.
The tengu reaver is moderately wounded.
The freezing wraith misses you. The freezing wraith hits you!
The tengu reaver is engulfed in poison gas.
The tengu reaver looks as sick as possible!
You block the tengu reaver's attack. The tengu reaver pecks you.
The tengu reaver claws you.
You hit the tengu reaver but do no damage.
Your weapon exudes an aura of protection.
The tengu reaver is moderately wounded.
The freezing wraith misses you.
The freezing wraith hits you but does no damage.
The tengu reaver is engulfed in poison gas.
The tengu reaver looks as sick as possible!
The tengu reaver casts a spell at you. The bolt of acid hits you!
* * * LOW HITPOINT WARNING * * *
You are splashed with acid!
The acid burns!
You die...

#####'##'###########'###########'
..............................(.(
.............................[)()
..............................(..
..................§§§.......((...
.................§§§§......(((...
.................§§§§............
................§W§§......)).....
................@Q*.....[........
'###########.######.####(########
...###..).# #...#...#...#
...#......# #...........#
##.#.#....# #..(#...#...#
#....#....# ##.###.###.##
..######### #...#...#...#
.##...##.# #...#...#...#
.#.....#.# #...#...#...#


You could see a tengu reaver, a freezing wraith and a battlesphere.

Vanquished Creatures
  2 juggernauts
  Boris (Vaults:2)
  Frederick (Vaults:3)
  Sojobo (Vaults:2)
  Saint Roka (Vaults:2)
  4 caustic shrikes
  Jory (Vaults:3)
  Nikola (Elf:3)
  3 golden dragons
  2 liches
  Arachne (Spider:3)
  2 tentacled monstrosities
  Asterion (Elf:1)
  3 deep elf blademasters (Elf:3)
  3 acid blobs
  5 sphinxes
  3 titans
  2 thorn hunters
  2 ancient champions (Depths:5)
  2 tentacled starspawn (Abyss:3)
  The ghost of Dazliare the Brawler, an adept BaTm of Okawaru (Spider:3)
  Frances (Spider:2)
  Agnes (Spider:2)
  9 tengu reavers
  Kirke (Swamp:3)
  Roxanne (Swamp:1)
  A shadow dragon (Depths:3)
  3 azure jellies
  10 fire giants
  An azure jelly (shapeshifter) (Depths:3)
  Donald (Elf:2)
  Louise (Swamp:1)
  5 ghost moths
  6 deep elf elementalists
  An iron dragon (Vaults:5)
  12 deep elf sorcerers
  11 frost giants
  An orc warlord (Depths:5)
  4 emperor scorpions
  A draconian scorcher (Depths:5)
  9 vault wardens
  2 draconian annihilators (Depths:5)
  An angel (Depths:4)
  10 ironheart preservers
  3 war gargoyles
  4 spriggan defenders (Depths:5)
  A caustic shrike skeleton (Depths:1)
  4 vampire knights
  18 very ugly things
  13 stone giants
  11 deep elf demonologists
  9 entropy weavers
  Nessos (D:12)
  10 deep elf annihilators
  A minotaur (Lab)
  Azrael (Spider:2)
  8 spark wasps
  A green death (Abyss:3)
  3 deep elf death magi
  12 ettins
  Snorg (Lair:5)
  2 merfolk impalers (Depths:4)
  11 fire dragons
  A crystal guardian (Vaults:2)
  18 yaktaur captains
  The ghost of regis the Geomancer, a journeyman GrEE of Vehumet (Lair:2)
  6 deep elf high priests
  Erolcha (D:12)
  21 ogre magi
  7 great orbs of eyes
  Fannar (Orc:1)
  4 rakshasas
  29 vault guards
  7 ice dragons
  A hell beast (Depths:1)
  26 hydras
  3 spriggan air magi (Depths:2)
  16 centaur warriors
  54 two-headed ogres
  17 alligators
  2 catoblepae
  2 tengu warriors
  7 death yaks
  A queen ant (Lair:6)
  3 death knights (Vaults:4)
  6 deep troll shamans
  36 dancing weapons
  3 thrashing horrors (Abyss:3)
  A vampire mage (Depths:5)
  4 orc high priests
  7 deep troll earth magi
  12 spriggan berserkers
  8 hell knights
  9 spriggans
  Urug (Lair:5)
  2 shadow wraiths
  23 deep elf knights
  2 wretched stars (Abyss:3)
  18 skeletal warriors
  7 swamp dragons
  3 iron trolls
  A cherub (Abyss:3)
  An unseen horror (D:14)
  2 spriggan druids
  A sea snake (shapeshifter) (Depths:5)
  3 glowing orange brains
  20 deep trolls
  A shadow demon (Depths:1)
  16 deep elf archers
  4 flayed ghosts
  2 shambling mangroves
  Pikel (D:8)
  4 phantasmal warriors
  2 wolf spider zombies
  65 deep elf magi
  2 necromancers
  9 ironbrand convokers
  17 orb spiders
  A harpy (Vaults:4)
  The ghost of maximusg the Cleaver, a novice MiBe of Trog (D:5)
  27 orc knights
  An orb spider (shapeshifter) (D:15)
  37 wolf spiders
  6 orc sorcerers
  2 oklob plants (Lair:6)
  2 shining eyes
  61 ugly things
  A manticore (D:13)
  50 slime creatures
  7 cyclopes
  An elephant (shapeshifter) (Depths:1)
  6 moths of wrath
  A salamander (Depths:4)
  A worldbinder (Elf:3)
  Maurice (Orc:2)
  Joseph (D:8)
  4 elephants (Lair:6)
  A guardian serpent (shapeshifter) (Vaults:5)
  A moth of wrath (shapeshifter) (Depths:3)
  2 orange demons (Depths:3)
  17 vault sentinels
  A spiny frog (shapeshifter) (Depths:4)
  2 black mambas
  A frost giant skeleton (Depths:1)
  A water nymph (shapeshifter) (D:15)
  An ice statue (Lair:5)
  2 gargoyles
  14 spiny frogs
  A torpor snail (Lair:5)
  5 kobold demonologists
  2 yaktaurs (shapeshifter)
  A tormentor (Depths:3)
  2 rime drakes (Lair:4)
  8 freezing wraiths
  10 demonic crawlers
  23 yaktaurs
  7 human skeletons (Vaults:2)
  8 komodo dragons
  An ice devil (Depths:1)
  6 tengu conjurers
  2 yaktaur skeletons
  24 hornets
  2 red devils
  A polar bear (shapeshifter) (Depths:1)
  9 trolls
  21 jumping spiders
  6 tyrant leeches
  3 polar bears
  3 dream sheep
  A hornet (shapeshifter) (Depths:3)
  Prince Ribbit (D:7)
  Grinder (D:6)
  20 blink frogs
  6 bog bodies
  2 dream sheep (shapeshifter)
  A raiju (shapeshifter) (Depths:1)
  13 hippogriffs
  A stone giant simulacrum (Abyss:3)
  A fire giant simulacrum (Vaults:1)
  2 ettin skeletons (Vaults:2)
  2 air elementals
  6 shadows
  2 redbacks (shapeshifter)
  A ynoxinul (Elf:3)
  4 wraiths
  2 wyverns (Lair:6)
  74 yaks
  35 tarantellas
  80 redbacks
  An ice dragon skeleton (Depths:1)
  A vampire (D:11)
  9 water elementals
  2 large abominations (Abyss:3)
  3 hogs (Swamp:3)
  15 humans (D:14)
  Grum (D:8)
  A basilisk (shapeshifter) (Vaults:2)
  A yaktaur simulacrum (Depths:1)
  5 fire elementals
  3 basilisks
  A chaos spawn (Abyss:3)
  4 neqoxecs
  15 vampire mosquitoes
  9 hungry ghosts
  A steam dragon (D:8)
  Menkaure (Ossuary)
  11 wargs
  16 swamp worms
  18 soldier ants
  3 acid dragons
  24 insubstantial wisps
  13 water moccasins
  7 hell hounds
  2 floating eyes (Depths:5)
  6 porcupines
  8 swamp drakes
  71 orc warriors
  A hornet zombie (D:14)
  9 ice beasts
  3 black bears
  An ettin simulacrum (Vaults:1)
  An ogre (shapeshifter) (Vaults:4)
  6 phantoms
  3 sky beasts
  2 slaves (D:8)
  34 ogres
  12 wolves
  12 centaurs
  3 eyes of draining
  6 boggarts
  An orc skeleton (Vaults:2)
  2 necrophages
  An elf skeleton (Vaults:2)
  16 crocodiles
  The ghost of SomeFlowers the Insei, an amateur OpTm (D:3)
  3 big kobolds (D:9)
  2 elf zombies
  14 bullfrogs
  A gnoll sergeant (D:7)
  2 wyvern zombies
  3 earth elementals
  A wyvern skeleton (D:12)
  7 small abominations
  A troll zombie (Ossuary)
  3 scorpions
  2 human simulacra
  26 killer bees
  12 wights
  2 howler monkeys
  3 electric eels
  A bullfrog zombie (D:12)
  11 crimson imps
  7 centaur zombies
  4 hounds
  2 quasits (Abyss:3)
  5 jellies
  16 orc wizards
  21 orc priests
  3 bullfrog skeletons
  Crazy Yiuf (D:5)
  4 centaur skeletons
  4 iguanas
  23 worker ants
  3 ogre zombies (Ossuary)
  A bullfrog simulacrum (D:12)
  2 hound skeletons
  7 mummies
  A worker ant zombie (D:10)
  12 gnolls
  13 adders
  5 shadow imps
  9 white imps
  4 adder zombies
  An adder skeleton (D:8)
  A worm (D:2)
  A dart slug (D:5)
  4 leopard geckos
  136 orcs
  9 bats
  A giant cockroach (D:1)
  A gnoll zombie (Ossuary)
  9 goblins
  8 hobgoblins
  20 jackals
  4 quokkas
  9 frilled lizards
  4 goblin zombies (Ossuary)
  2 hobgoblin zombies (Ossuary)
  A jackal skeleton (D:5)
  7 kobolds
  6 kobold zombies (Ossuary)
  A leopard gecko zombie (D:5)
  2 orc zombies (Ossuary)
  4 quokka zombies
  6 rats
  3 rat zombies (Ossuary)
  2 bushes (D:15)
  3 fungi
  10 plants
  A starspawn tentacle (Abyss:3)
2287 creatures vanquished.

Vanquished Creatures (others)
  A deep elf demonologist (Elf:1)
  A deep elf mage (Elf:3)
  A water elemental (Elf:3)
  A human (D:14)
  An orc (Orc:1)
  A bush (D:15)
  25 fungi
  18 plants
  5 starspawn tentacles (Abyss:3)
  2 withered plants (Lair:2)
56 creatures vanquished.

Grand Total: 2343 creatures vanquished

Notes
Turn   | Place    | Note
-------+----------+-------------------------------------------
     0 | D:1      | JeffiDaFish the Gargoyle Earth Elementalist began the quest
                  | for the Orb.
     0 | D:1      | Reached XP level 1. HP: 10/10 MP: 3/3
    59 | D:1      | Reached skill level 4 in Earth Magic
    89 | D:1      | Reached XP level 2. HP: 13/15 MP: 3/5
   873 | D:2      | Reached XP level 3. HP: 10/19 MP: 3/6
  1218 | D:2      | Learned a level 3 spell: Stone Arrow
  1626 | D:2      | Reached skill level 5 in Earth Magic
  1689 | D:2      | Reached XP level 4. HP: 23/24 MP: 4/7
  2465 | D:3      | Found a runed door.
  2469 | D:3      | Noticed SomeFlowers's ghost (amateur OpTm)
  2522 | D:3      | Noticed a bullfrog
  2524 | D:3      | Killed a bullfrog
  2524 | D:3      | Reached skill level 6 in Earth Magic
  2524 | D:3      | Reached XP level 5. HP: 28/28 MP: 4/9
  2534 | D:3      | Found a shimmering altar of Xom.
  2942 | D:3      | Reached XP level 6. HP: 27/32 MP: 5/11
  3373 | D:3      | Learned a level 5 spell: Lee's Rapid Deconstruction
  3565 | D:3      | You fall through a shaft for 3 floors!
  3595 | D:6      | Found a staircase to the Ecumenical Temple.
  3604 | Temple   | Entered the Ecumenical Temple
  3685 | Temple   | Became a worshipper of Sif Muna the Loreminder
  3778 | D:6      | Found an opulent altar of Gozag.
  3782 | D:5      | Entered Level 5 of the Dungeon
  3786 | D:5      | Found a runed door.
  3786 | D:5      | Noticed maximusg's ghost (novice MiBe)
  3809 | D:5      | Reached skill level 7 in Earth Magic
  4871 | D:4      | Reached XP level 7. HP: 35/36 MP: 4/13
  4871 | D:4      | Reached skill level 8 in Earth Magic
  4945 | D:4      | Reached * piety under Sif Muna
  5268 | D:4      | Reached skill level 9 in Earth Magic
  5792 | D:5      | Reached skill level 5 in Spellcasting
  5792 | D:5      | Reached XP level 8. HP: 41/41 MP: 15/15
  6364 | D:5      | Found a runed door.
  6368 | D:5      | Noticed Crazy Yiuf
  6370 | D:5      | Killed Crazy Yiuf
  6419 | D:5      | Reached skill level 10 in Earth Magic
  6536 | D:5      | Found a blossoming altar of Fedhas.
  6963 | D:6      | Noticed Grinder
  6992 | D:6      | Paralysed by Grinder for 3 turns
  7006 | D:5      | Reached ** piety under Sif Muna
  7374 | D:6      | Found a white marble altar of Elyvilon.
  7699 | D:6      | Noticed a two-headed ogre
  7821 | D:6      | Killed a two-headed ogre
  7821 | D:6      | Reached skill level 11 in Earth Magic
  7821 | D:6      | Reached XP level 9. HP: 8/45 MP: 12/18
  8272 | D:6      | Killed Grinder
  8272 | D:6      | Reached *** piety under Sif Muna
  8272 | D:6      | Reached skill level 12 in Earth Magic
  8317 | D:6      | Found Inuenlie's Gadget Emporium.
  8860 | D:7      | Found a sand-covered staircase.
  8894 | Ossuary  | Entered an ossuary
  8970 | Ossuary  | Reached skill level 13 in Earth Magic
  9217 | Ossuary  | Noticed Menkaure
  9326 | Ossuary  | Killed Menkaure
  9326 | Ossuary  | Reached skill level 1 in Fighting
  9413 | Ossuary  | Reached XP level 10. HP: 52/52 MP: 21/21
  9450 | Ossuary  | Reached **** piety under Sif Muna
 10190 | D:7      | Noticed Prince Ribbit
 10193 | D:7      | Killed Prince Ribbit
 10193 | D:7      | Reached skill level 1 in Conjurations
 10284 | D:7      | Found a hide-covered altar of Uskayaw.
 10474 | D:8      | Noticed Grum
 10612 | D:8      | Found a staircase to the Lair.
 10619 | D:8      | Killed Grum
 10631 | D:8      | Noticed Joseph
 10640 | D:8      | Killed Joseph
 10885 | D:8      | Found a hazy altar of Hepliaklqana.
 10900 | D:8      | Reached skill level 1 in Armour
 11002 | D:8      | Identified the +2 ring mail "Xaefeuth" {+Inv rF- rN++
                  | Int+8} (You found it on level 8 of the Dungeon)
 11103 | D:8      | Noticed Pikel
 11106 | D:8      | Killed Pikel
 11106 | D:8      | Reached skill level 14 in Earth Magic
 11819 | D:9      | Found a transporter.
 11863 | D:9      | Noticed a green ugly thing
 11887 | D:9      | Reached XP level 11. HP: 61/61 MP: 15/23
 12014 | D:9      | Noticed a three-headed hydra
 12018 | D:9      | Killed a three-headed hydra
 12138 | D:9      | Reached ***** piety under Sif Muna
 12199 | D:9      | Found a transporter.
 12416 | D:5      | Identified the cursed +0 mace of Analysis {flame, -Tele rN+
                  | MP+9 SInv} (You found it on level 5 of the Dungeon)
 12446 | D:5      | Killed maximusg's ghost
 12446 | D:5      | Identified Sif Muna's Incunabulum of Attacks (Sif Muna
                  | gifted it to you on level 5 of the Dungeon)
 12446 | D:5      | Received a gift from Sif Muna
 12456 | D:5      | Learned a level 6 spell: Iron Shot
 12615 | D:9      | Found an ancient bone altar of Kikubaaqudgha.
 12656 | D:8      | Reached skill level 5 in Armour
 12729 | D:9      | HP: 2/62 [enormous slime creature (60)]
 13080 | D:9      | Reached skill level 5 in Fighting
 13826 | D:10     | Entered Level 10 of the Dungeon
 13988 | D:10     | Reached skill level 15 in Earth Magic
 14364 | D:10     | Reached skill level 5 in Conjurations
 14810 | Lair:1   | Entered Level 1 of the Lair of Beasts
 15893 | Lair:2   | Found a staircase to the Swamp.
 15895 | Lair:2   | Found a labyrinth entrance.
 15904 | Lab      | Entered a labyrinth
 15975 | Lab      | Reached XP level 12. HP: 68/68 MP: 5/25
 16421 | Lab      | Noticed a minotaur
 16434 | Lab      | Killed a minotaur
 16434 | Lab      | Received a gift from Sif Muna
 16454 | Lab      | Identified Yrieganisu's Compendium of Supportive Arcane
                  | Weapons
 16868 | Lair:2   | Reached skill level 16 in Earth Magic
 17381 | Lair:2   | Reached skill level 10 in Spellcasting
 17478 | Lair:2   | Found a hole to the Spider Nest.
 17753 | Lair:2   | Gained mutation: Your body sometimes deteriorates upon
                  | taking damage. [potion of mutation]
 17753 | Lair:2   | Gained mutation: You expend magic power (3 MP) to
                  | strengthen your wands. [potion of mutation]
 17753 | Lair:2   | Gained mutation: Your spells are a little harder to cast,
                  | but a little more powerful. [potion of mutation]
 17753 | Lair:2   | Gained mutation: You have sharp fingernails. [potion of
                  | mutation]
 17756 | Lair:2   | Found a runed door.
 17757 | Lair:2   | Noticed regis's ghost (journeyman GrEE)
 19010 | Lair:3   | Found a shimmering altar of Xom.
 19652 | Lair:4   | Received a gift from Sif Muna
 19664 | Lair:4   | Learned a level 5 spell: Borgnjor's Vile Clutch
 19706 | Lair:4   | Noticed a catoblepas
 19715 | Lair:4   | Killed a catoblepas
 19715 | Lair:4   | Reached skill level 17 in Earth Magic
 19715 | Lair:4   | Reached XP level 13. HP: 72/72 MP: 8/27
 20892 | Lair:5   | Noticed Snorg
 20893 | Lair:5   | Reached skill level 10 in Armour
 21088 | Lair:5   | Killed Snorg
 21413 | Lair:5   | Noticed Urug
 21539 | Lair:5   | Killed Urug
 21696 | Lair:5   | Reached skill level 18 in Earth Magic
 22217 | Lair:5   | Identified Donwih's Incunabulum of Dark Transmutation (Sif
                  | Muna gifted it to you on level 5 of the Lair of Beasts)
 22217 | Lair:5   | Received a gift from Sif Muna
 23177 | Lair:6   | Entered Level 6 of the Lair of Beasts
 23275 | Lair:6   | Gained mutation: Your large and strong wings let you fly
                  | indefinitely. [Gargoyle growth]
 23275 | Lair:6   | Reached XP level 14. HP: 46/78 MP: 0/29
 23994 | Lair:6   | Noticed an entropy weaver
 24003 | Lair:6   | Killed an entropy weaver
 24360 | Lair:6   | Reached skill level 19 in Earth Magic
 25008 | Lair:6   | Received a gift from Sif Muna
 25172 | Lair:6   | Noticed an entropy weaver
 25178 | Lair:6   | Killed an entropy weaver
 25637 | Lair:6   | Found a runed door.
 25637 | Lair:6   | Found a viscous altar of Jiyva.
 25639 | Lair:6   | Noticed an acid blob
 25642 | Lair:6   | Found a staircase to the Slime Pits.
 25669 | Lair:6   | Found a radiant altar of Vehumet.
 27495 | D:11     | Reached skill level 20 in Earth Magic
 28158 | D:12     | Noticed Nessos
 28169 | D:12     | Killed Nessos
 28169 | D:12     | Reached XP level 15. HP: 80/82 MP: 7/31
 28517 | D:12     | Noticed Erolcha
 28522 | D:12     | Killed Erolcha
 28703 | D:12     | Found a runed door.
 28960 | D:12     | Identified Sif Muna's Compendium of Ensnaring Creation (Sif
                  | Muna gifted it to you on level 12 of the Dungeon)
 28960 | D:12     | Received a gift from Sif Muna
 29021 | D:12     | Found a staircase to the Orcish Mines.
 29563 | D:12     | Found a roughly hewn altar of Beogh.
 29865 | Lair:2   | Killed regis's ghost
 29869 | Lair:2   | Identified the +1 plate armour of Nar Typi {*Contam rN+
                  | Str+7 Stlth+} (You found it on level 2 of the Lair of
                  | Beasts)
 30981 | D:13     | Found Ynumiom's Food Shoppe.
 30989 | D:13     | Bought a ration for 50 gold pieces
 30989 | D:13     | Bought a ration for 50 gold pieces
 30989 | D:13     | Bought a ration for 50 gold pieces
 31586 | D:14     | Found a gate to the Vaults.
 32399 | D:14     | Identified Sif Muna's Guide on Hurtful Unholy Arts (Sif
                  | Muna gifted it to you on level 14 of the Dungeon)
 32399 | D:14     | Received a gift from Sif Muna
 32578 | D:15     | Entered Level 15 of the Dungeon
 32648 | D:15     | Reached skill level 21 in Earth Magic
 33489 | D:15     | Reached XP level 16. HP: 92/92 MP: 22/32
 34027 | D:15     | Reached skill level 10 in Conjurations
 34497 | D:15     | Identified Sif Muna's Catalogue of Attacks (Sif Muna gifted
                  | it to you on level 15 of the Dungeon)
 34497 | D:15     | Received a gift from Sif Muna
 34679 | D:15     | Found Xeyrphy's Magic Scroll Boutique.
 35189 | D:15     | Found a staircase to the Depths.
 35325 | Orc:1    | Entered Level 1 of the Orcish Mines
 35328 | Orc:1    | Noticed Fannar
 35332 | Orc:1    | Killed Fannar
 36394 | Orc:2    | Entered Level 2 of the Orcish Mines
 37299 | Orc:2    | Found a roughly hewn altar of Beogh.
 37318 | Orc:2    | Found a roughly hewn altar of Beogh.
 37321 | Orc:2    | Noticed Maurice
 37465 | Orc:2    | Found Puloweu's Armour Emporium.
 37465 | Orc:2    | Found Saecekurch's General Store.
 37725 | Orc:2    | Killed Maurice
 37728 | Orc:2    | Found a staircase to the Elven Halls.
 37870 | Orc:2    | Reached skill level 22 in Earth Magic
 38039 | Orc:2    | Found Cydios's Weapon Boutique.
 38039 | Orc:2    | Found Goecem's Weapon Emporium.
 38436 | Swamp:1  | Entered Level 1 of the Swamp
 39034 | Swamp:1  | Noticed ssg's ghost (journeyman DrTm)
 39036 | Swamp:1  | Found a transporter.
 39039 | Swamp:1  | Got a scorched steel amulet
 39040 | Swamp:1  | Identified the amulet "Idoafev" {Faith Str+2 Int+5} (You
                  | found it on level 1 of the Swamp)
 39191 | Swamp:1  | Found a transporter.
 39593 | Swamp:1  | Received a gift from Sif Muna
 39839 | Swamp:1  | Noticed Roxanne
 39843 | Swamp:1  | Killed Roxanne
 39843 | Swamp:1  | Reached XP level 17. HP: 100/100 MP: 13/34
 40416 | Swamp:1  | Noticed Louise
 40422 | Swamp:1  | Killed Louise
 43034 | Swamp:3  | Reached skill level 1 in Shields
 43287 | Swamp:3  | Reached skill level 10 in Fighting
 43518 | Swamp:3  | Noticed Kirke
 43523 | Swamp:3  | Killed Kirke
 44331 | Swamp:4  | Entered Level 4 of the Swamp
 44885 | Swamp:4  | Identified Sif Muna's Compendium of Warped Protection (Sif
                  | Muna gifted it to you on level 4 of the Swamp)
 44885 | Swamp:4  | Received a gift from Sif Muna
 44988 | Swamp:4  | Reached skill level 23 in Earth Magic
 46150 | Swamp:4  | Learned a level 9 spell: Shatter
 46174 | Swamp:4  | Identified the cursed +2 morningstar of Balance {crush,
                  | Int+2} (You took it off a spriggan berserker on level 4 of
                  | the Swamp)
 46696 | Swamp:4  | Got a decaying rune of Zot
 46938 | Spider:1 | Entered Level 1 of the Spider Nest
 47082 | Spider:1 | Reached XP level 18. HP: 107/107 MP: 24/36
 48136 | Spider:1 | Got a glittering copper ring
 48149 | Spider:1 | Identified the ring "Taxe" {rC+ rN+ Int-5 Dex+4 Stlth+}
                  | (You found it on level 1 of the Spider Nest)
 48735 | Spider:1 | Reached ****** piety under Sif Muna
 49410 | Spider:2 | Received a gift from Sif Muna
 49419 | Spider:2 | Noticed Azrael
 49611 | Spider:2 | Killed Azrael
 50290 | Spider:2 | Noticed Frances
 50296 | Spider:2 | Killed Frances
 50626 | Spider:2 | Noticed Agnes
 50630 | Spider:2 | Killed Agnes
 50832 | Spider:3 | Reached skill level 24 in Earth Magic
 51850 | Spider:3 | Noticed Arachne
 51862 | Spider:3 | Killed Arachne
 52548 | Spider:3 | Found a runed door.
 52548 | Spider:3 | Noticed Dazliare's ghost (adept BaTm)
 52618 | Spider:3 | Identified Sif Muna's Volume of Harmful Translocation (Sif
                  | Muna gifted it to you on level 3 of the Spider Nest)
 52618 | Spider:3 | Received a gift from Sif Muna
 52640 | Spider:3 | Learned a level 8 spell: Lehudib's Crystal Spear
 52830 | Spider:4 | Entered Level 4 of the Spider Nest
 54022 | Spider:4 | Reached XP level 19. HP: 90/112 MP: 0/37
 54723 | Spider:3 | Killed Dazliare's ghost
 54723 | Spider:3 | Reached skill level 15 in Spellcasting
 55320 | Spider:4 | Got a gossamer rune of Zot
 55681 | Spider:4 | Received a gift from Sif Muna
 56633 | Spider:4 | Reached skill level 25 in Earth Magic
 57051 | Elf:1    | Entered Level 1 of the Elven Halls
 57175 | Elf:1    | Noticed Asterion
 57363 | Elf:1    | Killed Asterion
 58437 | Elf:1    | Found Cuschiar's Gadget Shoppe.
 58438 | Elf:1    | Found Velug's Jewellery Shop.
 58439 | Elf:1    | Found Teareg Hylu's Gadget Shoppe.
 58513 | Elf:1    | Received a gift from Sif Muna
 59259 | Elf:2    | Found Vets's Jewellery Shoppe.
 59269 | Elf:2    | Bought the ring "Tiopsumn" {MR+ Int+5} for 637 gold pieces
 59537 | Elf:2    | Found a runed gate.
 59540 | Elf:2    | Found a runed gate.
 59541 | Elf:2    | Found a runed gate.
 59841 | Elf:2    | Found Jyumyqadgh's Armour Shoppe.
 60120 | Elf:2    | Found Tounoodo's Assorted Antiques.
 60260 | Elf:2    | Reached XP level 20. HP: 117/117 MP: 9/39
 60483 | Elf:2    | Identified Sif Muna's Grimoire of Conjuration (Sif Muna
                  | gifted it to you on level 2 of the Elven Halls)
 60483 | Elf:2    | Received a gift from Sif Muna
 60486 | Elf:2    | Noticed Donald
 60500 | Elf:2    | Killed Donald
 61026 | Elf:2    | Reached skill level 15 in Conjurations
 61534 | Elf:3    | Entered Level 3 of the Elven Halls
 61605 | Elf:3    | Reached skill level 26 in Earth Magic
 61799 | Elf:3    | Found a deep blue altar of Sif Muna.
 62128 | Elf:3    | Noticed Nikola
 62132 | Elf:3    | Cast into level 3 of the Abyss (a deep elf demonologist)
 62261 | Abyss:3  | Identified a scroll of acquirement
 62294 | Abyss:3  | Gained mutation: Your body often deteriorates upon taking
                  | damage. [a neqoxec]
 62384 | Abyss:3  | Identified Sif Muna's Handbook of Blows and Bruises (Sif
                  | Muna gifted it to you on level 3 of the Abyss)
 62384 | Abyss:3  | Received a gift from Sif Muna
 62392 | Elf:3    | Escaped the Abyss
 62404 | Elf:3    | Noticed a Brimstone Fiend
 63198 | Elf:3    | Identified Sif Muna's Grimoire of Conjuration (Sif Muna
                  | gifted it to you on level 3 of the Elven Halls)
 63198 | Elf:3    | Received a gift from Sif Muna
 63249 | Elf:3    | Killed Nikola
 63249 | Elf:3    | Reached XP level 21. HP: 50/122 MP: 8/41
 63382 | Elf:3    | Got a scorched bone amulet
 63728 | Elf:3    | Identified the +5 leather armour "Guqenon" {rElec rF+} (You
                  | took it off a deep elf sorcerer on level 3 of the Elven
                  | Halls)
 63736 | Elf:3    | Got a pitted lapis lazuli ring
 63745 | Elf:3    | Got a brightly glowing iron ring
 63760 | Elf:3    | Identified the ring "Yhuef" {rF+ rC+} (You took it off a
                  | deep elf knight on level 3 of the Elven Halls)
 63761 | Elf:3    | Identified the amulet of Emein {Acrobat +Inv rElec rF+}
                  | (You took it off a deep elf sorcerer on level 3 of the
                  | Elven Halls)
 63763 | Elf:3    | Identified the ring of Broken Luck {+Fly Slay+5} (You took
                  | it off a deep elf high priest on level 3 of the Elven
                  | Halls)
 63783 | Elf:3    | Got a faintly glowing jade amulet
 63784 | Elf:3    | Identified the amulet "Vohid" {Acrobat rElec rF- Dex+8
                  | Stlth+} (You took it off a deep elf sorcerer on level 3 of
                  | the Elven Halls)
 63786 | Elf:3    | Identified the cursed +0 leather armour "Suvaw" {-Tele +Inv
                  | rC++ Int+4} (You took it off a deep elf mage on level 3 of
                  | the Elven Halls)
 63796 | Elf:3    | Found the +8 longbow "Zephyr" {speed, Dex+3 SInv}
 63858 | Elf:3    | Reached skill level 27 in Earth Magic
 64754 | Depths:1 | Entered Level 1 of the Depths
 64789 | Depths:1 | Identified Sif Muna's Almanac of the Volcanoes and
                  | Orientation (Sif Muna gifted it to you on level 1 of the
                  | Depths)
 64789 | Depths:1 | Received a gift from Sif Muna
 65315 | Depths:1 | Found a gateway to Hell.
 65628 | Depths:1 | Found Kokhaff's Assorted Antiques.
 65634 | Depths:1 | Found Zeba's Weapon Shoppe.
 65639 | Depths:1 | Bought a potion of curing for 105 gold pieces
 65639 | Depths:1 | Bought a scroll of teleportation for 105 gold pieces
 65639 | Depths:1 | Bought a potion of heal wounds for 175 gold pieces
 66332 | Depths:1 | Reached skill level 1 in Invocations
 67090 | D:3      | Killed SomeFlowers's ghost
 68125 | Depths:1 | Received a gift from Sif Muna
 68858 | Depths:2 | Noticed a juggernaut
 68861 | Depths:2 | Killed a juggernaut
 68861 | Depths:2 | Reached XP level 22. HP: 114/128 MP: 18/43
 69109 | Depths:2 | Reached skill level 15 in Armour
 69278 | Depths:2 | Noticed a golden dragon
 69282 | Depths:2 | Killed a golden dragon
 69647 | Depths:2 | Identified Xoypsuha's Almanac of Dislocated Ignition
 69654 | Depths:2 | Identified the Tome of Curses
 70213 | Slime:1  | Entered Level 1 of the Pits of Slime
 71098 | Slime:2  | Identified Ikhlung's Handbook of Necromancy and Combat
                  | Magic (Sif Muna gifted it to you on level 2 of the Pits of
                  | Slime)
 71098 | Slime:2  | Received a gift from Sif Muna
 71108 | Slime:2  | Gained mutation: You tend to lose your temper in combat. [a
                  | shining eye]
 71582 | Vaults:1 | Entered Level 1 of the Vaults
 72378 | Vaults:1 | Reached skill level 5 in Invocations
 73111 | Vaults:1 | Identified the cursed +0 scale mail of the Dwarven Hall
                  | {Dex+2 Stlth+} (You took it off a rakshasa on level 1 of
                  | the Vaults)
 73541 | Vaults:1 | Found Ylerhasa's Assorted Antiques.
 73613 | Vaults:1 | Received a gift from Sif Muna
 74467 | Vaults:1 | Reached XP level 23. HP: 125/136 MP: 1/45
 74981 | Vaults:2 | Received a gift from Sif Muna
 75760 | Vaults:2 | Found Derhana's Antique Armour Shoppe.
 77161 | Vaults:2 | Identified Sif Muna's Volume of Twisted Calling (Sif Muna
                  | gifted it to you on level 2 of the Vaults)
 77161 | Vaults:2 | Received a gift from Sif Muna
 77519 | Vaults:2 | Noticed Sojobo
 77520 | Vaults:2 | Killed Sojobo
 77522 | Vaults:2 | Noticed Boris
 77543 | Vaults:2 | Killed Boris
 78010 | Vaults:2 | Noticed Saint Roka
 78017 | Vaults:2 | Killed Saint Roka
 78099 | Vaults:2 | Found a staircase to the Crypt.
 78814 | Vaults:3 | Noticed Frederick
 78826 | Vaults:3 | Killed Frederick
 79217 | Vaults:3 | Noticed Jory
 79224 | Vaults:3 | Killed Jory
 79582 | Vaults:3 | Received a gift from Sif Muna
 80372 | Vaults:3 | Reached XP level 24. HP: 145/145 MP: 30/46
 82474 | Vaults:4 | Identified Sif Muna's Collected Works on Dark Curses (Sif
                  | Muna gifted it to you on level 4 of the Vaults)
 82474 | Vaults:4 | Received a gift from Sif Muna
 83452 | Vaults:5 | Entered Level 5 of the Vaults
 84367 | Depths:3 | Identified Sif Muna's Papyrus of Evil Feathers (Sif Muna
                  | gifted it to you on level 3 of the Depths)
 84367 | Depths:3 | Received a gift from Sif Muna
 85396 | Depths:3 | Noticed a caustic shrike
 85397 | Depths:3 | Reached XP level 25. HP: 132/153 MP: 28/47
 85398 | Depths:3 | Noticed a juggernaut
 85412 | Depths:3 | Killed a juggernaut
 85687 | Depths:3 | Found the +8 glaive of the Guard {elec, +Rage AC+5 SInv}
 86409 | Depths:3 | Found a one-way gate leading to the halls of Pandemonium.
 86482 | Depths:3 | Received a gift from Sif Muna
 87062 | Depths:4 | Found Naomp's Distillery.
 87261 | Depths:4 | Bought a potion of curing for 69 gold pieces
 87261 | Depths:4 | Bought a potion of heal wounds for 115 gold pieces
 87261 | Depths:4 | Bought a potion of curing for 69 gold pieces
 87261 | Depths:4 | Bought a potion of cancellation for 184 gold pieces
 87281 | Depths:4 | Reached skill level 15 in Fighting
 87425 | Depths:4 | Found Xauluoho's Book Shoppe.
 87441 | Depths:4 | Learned a level 5 spell: Aura of Abjuration
 87541 | Depths:4 | Found a gateway to a ziggurat.
 87688 | Depths:4 | Found a one-way gate to the infinite horrors of the Abyss.
 87729 | Depths:4 | Found a runed gate.
 87729 | Depths:4 | Found a runed gate.
 87729 | Depths:4 | Found a runed gate.
 87730 | Depths:4 | Noticed unrecovered's ghost (veteran DEWz)
 88536 | Depths:5 | Entered Level 5 of the Depths
 88574 | Depths:5 | Identified Sif Muna's Handbook of Malediction and the
                  | Glacier (Sif Muna gifted it to you on level 5 of the
                  | Depths)
 88574 | Depths:5 | Received a gift from Sif Muna
 88953 | Depths:5 | Paralysed by a floating eye for 4 turns
 89100 | Depths:5 | Identified the +6 mace "Fengeh" {crush, rPois rF- Int+4}
                  | (You found it on level 5 of the Depths)
 89927 | Depths:5 | Got a sparkling pewter ring
 89929 | Depths:5 | Identified the ring of Qotoofez {rF+ rN+ AC+5 Str-5} (You
                  | took it off a yaktaur on level 5 of the Depths)
 90235 | Depths:5 | Found a gate to the Realm of Zot.
 90328 | Depths:5 | Reached XP level 26. HP: 161/161 MP: 5/48
 90784 | Depths:5 | Got a brightly glowing marble ring
 90785 | Depths:5 | Identified the ring of Byfisch {rElec Str+5 Int+9 Dex-4}
                  | (You found it on level 5 of the Depths)
 90820 | Depths:5 | Found a blossoming altar of Fedhas.
 90823 | Depths:5 | Identified Sif Muna's Papyrus of Calling and Sinister
                  | Secrets (Sif Muna gifted it to you on level 5 of the
                  | Depths)
 90823 | Depths:5 | Received a gift from Sif Muna
 91285 | Depths:5 | Got a heavily runed granite ring
 91286 | Depths:5 | Identified the ring "Pydycami" {rPois Str-4 Slay+6 SInv
                  | Stlth+} (You took it off a yaktaur captain on level 5 of
                  | the Depths)
 91600 | Depths:5 | Found a hide-covered altar of Uskayaw.
 91708 | Depths:5 | Found a white marble altar of Elyvilon.
 92030 | Vaults:4 | Splashed by a tengu reaver's acid

Skill      XL: |  1  2  3  4  5  6  7  8  9 10 11 12 13 14 15 16 17 18 19 20 21 22 23 24 25 26 |
---------------+-------------------------------------------------------------------------------+-----
Earth Magic    | 4 5 6 7 9 11 13 14 15 17 18 20 21 22 23 24 25 26 27 | 27.0
Spellcasting   | 3 4 5 6 7 8 9 10 11 12 13 14 15 16 17 18 19 20 21 | 21.7
Fighting       | 1 4 5 7 9 10 11 13 14 15 16 | 16.0
Conjurations   | 3 5 7 8 9 11 12 13 14 15 17 18 20 21 22 23 | 23.1
Armour         | 3 5 8 11 14 15 | 15.5
Shields        | 4 |  4.0
Invocations    | 3 5 |  5.3
Dodging        | |  1.7
Stealth        | |  2.2
Transmutations | |  0.7

Action                   |  1- 3 |  4- 6 |  7- 9 | 10-12 | 13-15 | 16-18 | 19-21 | 22-24 | 25-27 || total
-------------------------+-------+-------+-------+-------+-------+-------+-------+-------+-------++-------
Melee: Unarmed           |     8 |       |       |       |       |       |       |       |       ||     8
       Whip              |   116 |   129 |    74 |       |       |       |       |       |       ||   319
       Flail             |       |       |    48 |   227 |   459 |   320 |   211 |   155 |    42 ||  1462
Throw: Stone             |       |       |       |       |     1 |       |       |       |       ||     1
 Cast: Sandblast         |    22 |    33 |    66 |    67 |    55 |   109 |    29 |    38 |     7 ||   426
       Stone Arrow       |     1 |    12 |    46 |   122 |    63 |    83 |    24 |    24 |     5 ||   380
       Lee's Rapid Decon |       |     3 |    21 |    85 |    99 |    93 |   178 |   167 |    93 ||   739
       Iron Shot         |       |       |       |     7 |    70 |   215 |   123 |   268 |    95 ||   778
       Borgnjor's Vile C |       |       |       |     3 |   137 |   192 |   144 |    96 |    32 ||   604
       Shatter           |       |       |       |       |       |     2 |    11 |    12 |     9 ||    34
       Lehudib's Crystal |       |       |       |       |       |       |     2 |    12 |    13 ||    27
Invok: Channel Magic     |       |       |       |     1 |       |       |     2 |       |     1 ||     4
       Divine Energy     |       |       |       |     1 |       |       |       |       |       ||     1
 Abil: Fly               |       |       |       |       |     1 |       |       |       |       ||     1
       Stop Flying       |       |       |       |       |       |       |       |     1 |       ||     1
Evoke: Wand              |       |       |     1 |       |       |       |    14 |     1 |     3 ||    19
  Use: Potion            |     2 |     1 |     3 |    10 |     1 |     2 |     5 |     4 |     4 ||    32
       Scroll            |     4 |     4 |     6 |    22 |     5 |     6 |    13 |     9 |     4 ||    73
 Stab: Sleeping          |     3 |     1 |     5 |     4 |     1 |       |       |       |       ||    14
       Distracted        |       |       |       |       |       |       |       |     1 |       ||     1
  Eat: Chunk             |     3 |    12 |    14 |    26 |    50 |    48 |    32 |    34 |    10 ||   229
       Ration            |       |       |     3 |     7 |     6 |     8 |     5 |     6 |     3 ||    38
Armor: Robe              |    59 |    65 |    76 |    48 |       |       |       |       |       ||   248
       Ring mail         |       |       |       |   134 |   501 |   722 |   417 |   310 |   156 ||  2240
Dodge: Dodged            |   122 |   103 |   107 |   210 |   446 |   448 |   234 |   193 |    75 ||  1938
Block: Buckler           |       |       |       |       |       |    80 |   100 |   104 |    35 ||   319
